 Dungeon Crawl Stone Soup version 0.31-a0-765-g67fe2935dc (webtiles) character file.

Game seed: 11728158082436205539

35 randomguy2701 the Trooper (level 3, -8/33 HPs)
             Began as a Hill Orc Fighter on Sept 15, 2023.
             Mangled by a gnoll
             ... wielding a +0 flail
              (11 damage)
             ... on level 2 of the Dungeon.
             The game lasted 00:00:47 (997 turns).

randomguy2701 the Trooper (Hill Orc Fighter)         Turns: 997, Time: 00:00:47

Health: -8/33      AC:  7    Str: 18    XL:     3   Next: 35%
Magic:  3/3        EV:  9    Int:  8    God:
Gold:   93         SH:  4    Dex: 12    Spells: 2/2 levels left

rFire   . . .        a - +0 war axe
rCold   . . .        c - +0 buckler
rNeg    . . .        b - +0 scale mail
rPois   .            (no helmet)
rElec   .            (no cloak)
rCorr   .            (no gloves)
SInv    .            (no boots)
Will    .....        (no amulet) Stlth
                     (no ring)
HPRegen 0.25/turn    (no ring)
MPRegen 0.08/turn

%: no passive effects
@: no status effects
A: no striking features
a: no special abilities


You were on level 2 of the Dungeon.
You visited 1 branch of the dungeon, and saw 2 of its levels.

You collected 93 gold pieces.

Inventory:

Hand Weapons
 a - a +0 war axe (weapon)
Armour
 b - a +0 scale mail (worn)
 c - a +0 buckler (worn)
Scrolls
 g - a scroll of fear {unknown}
Potions
 d - a potion of might
 e - a potion of ambrosia {unknown}
 f - a potion of magic {unknown}


   Skills:
 + Level 4.0 Fighting
 + Level 3.1 Axes
 + Level 4.0 Armour
 + Level 3.6 Shields


You had 2 spell levels left.
You didn't know any spells.
Your spell library contained the following spells:

 Spells                   Type           Power      Damage    Failure   Level
 Sandblast                Erth           0%         2d4       86%         1
 Passwall                 Tmut/Erth      0%         N/A       94%         2
 Stone Arrow              Conj/Erth      0%         3d7       99%         3


Dungeon Overview and Level Annotations

Branches:
Dungeon (2/15)

Altars:

Shops:
D:1 *


Message History

No target in view!
No target in view!
No target in view!
No target in view!
Found a falchion.
A hobgoblin and a gnoll come into view.
Found a stone staircase leading down.
The hobgoblin shouts!
The gnoll shouts!
A gnoll comes into view. It is wielding a +0 flail. x2
A gnoll comes into view. It is wielding a +0 spear.
There are monsters nearby!
A goblin comes into view. It is wielding a +0 club.
The goblin shouts!
The gnoll shouts!
The gnoll barely misses you.
You slash the gnoll!
The gnoll is almost dead.
You hit the gnoll. The gnoll hits you with a +0 whip.
You hit the gnoll but do no damage.
The gnoll is almost dead.
You hit the gnoll. The gnoll hits you with a +0 whip.
The gnoll hits you from afar with a +0 spear.
A rat comes into view.
The gnoll barely misses you.
You slash the gnoll!
You kill the gnoll!
You hit the gnoll but do no damage. You barely miss the gnoll.
The gnoll hits you with a +0 flail. The gnoll barely misses you.
You block the gnoll's attack.
Your Armour skill increases to level 4!
You closely miss the gnoll.
The gnoll is moderately wounded.
You barely miss the gnoll. The gnoll closely misses you.
The gnoll barely misses you. The gnoll hits you with a +0 flail!
The hobgoblin hits you. The gnoll hits you with a +0 whip.
* * * LOW HITPOINT WARNING * * *
You block the gnoll's attack. The gnoll attacks as it pursues you!
The gnoll hits you with a +0 flail.
* * * LOW HITPOINT WARNING * * *
The gnoll attacks as it pursues you! The gnoll hits you with a +0 flail!
You die...

###########
..........
#.........
#######.g.......
#.....gggr.r....
#.......########
#....g..#
#....@.#>.....
#####......#+#####
+................
######..........
#.............
#.#######+####
#.........#
#..######.# #..###


You could see 3 gnolls, a hobgoblin, a goblin and a rat.

Vanquished Creatures
  A gnoll (D:2)
  A worm (D:2)
  4 ball pythons
  A giant cockroach (D:1)
  2 goblins (D:1)
  2 hobgoblins (D:1)
  A kobold (D:1)
  3 quokkas
  3 bats (D:1)
  3 frilled lizards (D:1)
  3 rats (D:1)
24 creatures vanquished.

Notes
Turn   | Place    | Note
-------+----------+-------------------------------------------
     0 | D:1      | randomguy2701 the Hill Orc Fighter began the quest for the
                  | Orb.
     0 | D:1      | Reached XP level 1. HP: 19/19 MP: 1/1
   200 | D:1      | Reached XP level 2. HP: 27/27 MP: 2/2
   326 | D:1      | Found Udwiomiff's Assorted Antiques.
   902 | D:2      | Reached XP level 3. HP: 23/33 MP: 3/3
   997 | D:2      | Mangled by a gnoll

Illustrated notes

Levels and vault maps discovered:
D:1:      sevenhm_arrival_forest_fort_large_4, layout_loops_cross, serial_shops,
          shop, minmay_bisected
D:2:      layout_basic, hellmonk_ecumenical_altar_arch_garden

Skill      XL: |  1  2  3 |
---------------+----------+-----
Axes           | 3 |  3.1
Fighting       | 4 |  4.0
Armour         | 4 |  4.0
Shields        | |  3.6

Action                     || total
---------------------------++-------
  Melee: War axe           ||    77
 Armour: Scale mail        ||    62
  Dodge: Dodged            ||    44
  Block: Buckler           ||    21

Table legend: (Time is in decaauts)
 A = Elapsed time spent in this place.
 B = Non-inter-level travel time spent in this place.
 C = Inter-level travel time spent in this place.
 D = Time resting spent in this place.
 E = Time spent auto-exploring this place.
 F = Levels seen in this place.
 G = Mean time per level.
                   A        B        C        D        E       F      G
               +--------+--------+--------+--------+--------+-----+--------+
         Total |   1026 |    972 |     54 |      0 |    795 |   2 |  513.0 |
       Dungeon |   1026 |    972 |     54 |      0 |    795 |   2 |  513.0 |
               +--------+--------+--------+--------+--------+-----+--------+

Top non-repeatable levels by time:
     D:1: 901 daAuts
     D:2: 124 daAuts
